 Dungeon Crawl Stone Soup version 0.32-a0-699-g1ee5eff69a (webtiles) character file.

Game seed: 8033519233359062168

3625 ytrimaz the Geomancer (level 10, 0/84 HPs)
             Began as an Octopode Earth Elementalist on Mar 14, 2024.
             Was an Initiate of Ashenzari.
             Slain by a scorpion (6 damage)
             ... summoned by Amaemon
             ... on level 8 of the Dungeon.
             The game lasted 00:09:27 (8095 turns).

ytrimaz the Geomancer (Octopode Earth Elementalist) Turns: 8095, Time: 00:09:28

Health: 0/84       AC:  5    Str: 13    XL:     10   Next: 11%
Magic:  13/22      EV: 14    Int: 23    God:    Ashenzari [......]
Gold:   295        SH:  0    Dex: 12    Spells: 18/25 levels left

rFire   + . .        (no weapon)
rCold   + . .        (no shield)
rNeg    . . .        (helmet restricted)
rPois   +            s - amulet of regeneration
rElec   +            d - ring "Tethered Prison" {AC+4, Comp, Cun} (curse)
rCorr   +            e - +6 ring of strength
SInv    .            j - ring of wizardry
Will    .....        m - ring of flight Stlth
                     (no ring)
HPRegen 1.14/turn    (no ring)
MPRegen 0.18/turn    (no ring)
                     (no ring)

%: wizardry (x1)
@: berserking, resistant, flying, hasted, very quick
A: almost no armour, amphibious, 8 rings, camouflage 1, gelatinous body 1,
(nimble swimmer 1), tentacles
a: Renounce Religion, Curse Item, Shatter the Chains


You were on level 8 of the Dungeon.
You worshipped Ashenzari.
Ashenzari was noncommittal.
You visited 2 branches of the dungeon, and saw 9 of its levels.

You collected 308 gold pieces.
You spent 13 gold pieces at shops.


Innate Abilities, Weirdness & Mutations

You cannot wear most types of armour.
You are amphibious.
You can wear up to eight rings at the same time.
Your skin changes colour to match your surroundings (Stealth+).
Your rubbery body absorbs attacks. (AC +1, EV +1)
((You are camouflaged when in or above water. (Stealth+)))
You have tentacles for arms and can constrict up to eight enemies at once.


   Skills:
 + Level 5.1(5.5) Dodging
 - Level 2.6(3.0) Stealth
 * Level 8.0 Spellcasting
 - Level 5.0 Conjurations
 + Level 8.3 Earth Magic
 - Level 5.0 Alchemy


You had 18 spell levels left.
You knew the following spells:

 Your Spells              Type           Power      Damage    Failure   Level
a - Stone Arrow           Conj/Erth      78%        3d11      1%          3
c - Petrify               Alch/Erth      39%        N/A       1%          4

Your spell library contained the following spells:

 Spells                   Type           Power      Damage    Failure   Level
 Magic Dart               Conj           100%       1d8       1%          1
 Sandblast                Erth           94%        2d19      1%          1
 Passwall                 Erth           47%        N/A       1%          3
 Brom's Barrelling Bould  Conj/Erth      39%        2d6       1%          4
 Freeze                   Ice            36%        1d5       2%          1
 Hailstorm                Conj/Ice       20%        3d7       3%          3
 Blink                    Tloc           18%        N/A       4%          2
 Call Imp                 Summ           18%        N/A       4%          2
 Ensorcelled Hibernation  Hex/Ice        18%        N/A       4%          2
 Frozen Ramparts          Ice            18%        1d3       9%          3
 Fugue of the Fallen      Necr           9%         N/A       9%          3
 Swiftness                Air            9%         N/A       9%          3
 Anguish                  Hex/Necr       4%         N/A       26%         4

Inventory:

Jewellery
 d - the cursed ring "Tethered Prison" (left tentacle) {AC+4, Comp, Cun}
   (You found it on level 1 of the Dungeon)

   [ring of protection]

   AC+4:      It affects your AC (+4).
   It has a curse which improves the following skills: Companions: Summonings
   and Necromancy.
   Cunning:   Dodging and Stealth.
 e - a +6 ring of strength (right tentacle)
   (You found it on level 1 of the Dungeon)
 g - a ring of resist corrosion
   (You took it off Erica on level 8 of the Dungeon)
 j - a ring of wizardry (on tentacle)
   (You found it on level 3 of the Dungeon)
 m - a ring of flight (on tentacle)
   (You took it off an orc wizard on level 7 of the Dungeon)
 s - an amulet of regeneration (around mantle)
   (You found it on level 5 of the Dungeon)
Wands
 r - a wand of warping (8)
   (You took it off Ijyb on level 5 of the Dungeon)
 u - a wand of acid (21)
   (You found it on level 8 of the Dungeon)
Scrolls
 c - 2 scrolls of poison
 i - a scroll of acquirement
 l - 2 scrolls of vulnerability
 p - a scroll of enchant armour
 t - a scroll of brand weapon
Potions
 a - a potion of magic
 b - a potion of haste
 h - a potion of resistance
 n - a potion of might
 q - a potion of invisibility {unknown}

Dungeon Overview and Level Annotations

Branches:
Dungeon (8/15) Zot: 26507  Temple (1/1) D:4 Zot: 5953
   Lair: D:8-11

Altars:
Ashenzari
Cheibriados
Dithmenos
Elyvilon
Fedhas
Gozag
Kikubaaqudgha
Makhleb
Nemelex Xobeh
Okawaru
Qazlal
Trog
Vehumet
Wu Jian
Xom
Yredelemnul
Zin

Shops:
D:1 !   D:4 (

Annotations:
D:5 1 runed translucent door, Crazy Yiuf
D:8 Amaemon

.$..!......# # #. #.#.#
#.# #. #.
##.#.######.####
#.###c##..........6)...
#..................)...
#.#.#.###.#.##..##.###(
# ..... #!#!.#..##.# #$
.$..#..###s##.#..##.#
#. #)....@sยง.#
D#..##.###. ###.#######
.#..รท....#$
.#.#.....#. .#..<..[.[.
###.....#. #!..).#
###.### .<. ##.#


You could see a centaur and 2 scorpions.


Message History

You lost 4 mp, and now have 14/22 mp.
Casting: Petrify (dangerous; 1% risk of failure)
Confirm with . or Enter, or press ? or * to list all spells.
Aiming: Petrify (dangerous; 1% risk of failure)
Press: ? - help, Shift-Dir - straight line, f/p - Amaemon
Aim: Amaemon, wielding a -1 demon whip of venom (chance to affect: 31%) Amaemon is moving more slowly.
Amaemon hits you with a -1 demon whip of venom!
You are poisoned.
Amaemon claws you.
Amaemon tail-slaps you. ๐Ÿ˜ฎ HP[-20] MP[-4]
You take 20 damage, and now have 36/56 hp.
MASSIVE DAMAGE!! (PAUSE)
You lost 4 mp, and now have 10/22 mp.
Unknown command.
You feel very sick. ๐Ÿ˜ฎ HP[-4]
You take 4 damage, and now have 32/56 hp.
Unknown command.
You feel very sick.
Amaemon gestures wildly while chanting. ๐Ÿ˜ฎ HP[-3]
You take 3 damage, and now have 29/56 hp.
Unknown command.
Unknown command.
You feel very sick.
Amaemon stops moving altogether!
The scorpion closely misses you. ๐Ÿ˜จ HP[-3] MP[+1]
You take 3 damage, and now have 26/56 hp.
You feel sick. The scorpion attacks as it pursues you!
The scorpion misses you. ๐Ÿ˜จ HP[-1]
You take 1 damage, and now have 25/56 hp.
As you read the scroll labelled NESAZY OQAE, it crumbles to dust.
It is a scroll of identify.
i - a scroll of acquirement You feel very sick.
The scorpion closely misses you. The scorpion stings you.
* * * LOW HITPOINT WARNING * * *
๐Ÿ˜จ HP[-4]
You take 4 damage, and now have 21/56 hp.
Unknown command.
You feel protected.
You feel sick.
The scorpion stings you but does no damage.
The scorpion barely misses you.
Unknown command.
You feel sick. The scorpion attacks as it pursues you!
The scorpion stings you but does no damage.
The scorpion attacks as it pursues you! The scorpion misses you. ๐Ÿ˜จ HP[-1]
You take 1 damage, and now have 20/56 hp.
You feel sick. The scorpion attacks as it pursues you!
The scorpion barely misses you. The scorpion stings you.
* * * LOW HITPOINT WARNING * * *
๐Ÿ˜จ HP[-1] MP[+1]
You take 1 damage, and now have 19/56 hp.
A steam dragon comes into view.
You feel sick.
Unknown command.
You feel sick.
You feel sick. The scorpion attacks as it pursues you!
The scorpion barely misses you. The scorpion attacks as it pursues you!
The scorpion stings you but does no damage.
You feel sick.
You are no longer poisoned.
The scorpion attacks as it pursues you! The scorpion stings you.
* * * LOW HITPOINT WARNING * * *
You see here 2 potions of lignification. ๐Ÿ˜จ HP[-1]
You take 1 damage, and now have 18/56 hp. ๐Ÿ˜จ HP[+1]
The scorpion barely misses you. ๐Ÿ˜จ HP[+1] MP[+1] ๐Ÿ˜จ HP[+1]
A centaur comes into view.
The centaur shouts!
The centaur wields a +0 orcbow.
The centaur shoots an arrow.
The arrow hits you!
* * * LOW HITPOINT WARNING * * *
The scorpion attacks as it pursues you!
The scorpion stings you but does no damage.
The centaur shoots an arrow.
The arrow misses you. ๐Ÿ˜ฑ HP[-11]
You take 11 damage, and now have 10/56 hp.
Unknown command.
Okay, then.
It was a potion of haste.
You feel yourself speed up.
The centaur shoots an arrow.
The arrow hits you!
* * * LOW HITPOINT WARNING * * *
The scorpion misses you. ๐Ÿ˜ฑ HP[-7]
You take 7 damage, and now have 3/56 hp.
Unknown command.
Okay, then.
It was a potion of berserk rage.
A red film seems to cover your vision as you go berserk!
You feel yourself moving faster!
You feel mighty!
The scorpion disappears in a puff of smoke!
The scorpion stings you.
You die...

Skill      XL: |  1  2  3  4  5  6  7  8  9 10 |
---------------+-------------------------------+-----
Conjurations   | 2 3 4 5 |  5.0
Spellcasting   | 3 4 5 6 7 8 |  8.0
Earth Magic    | 4 5 6 8 |  8.3
Alchemy        | 2 4 5 |  5.0
Dodging        | 4 5 |  5.1
Stealth        | |  2.6

Action                     |  1- 3 |  4- 6 |  7- 9 | 10-12 || total
---------------------------+-------+-------+-------+-------++-------
  Melee: Unarmed           |       |    60 |   117 |       ||   177
         Tentacles         |       |    19 |    29 |       ||    48
         Constrict         |       |    17 |    15 |       ||    32
         Punch             |       |     1 |     1 |       ||     2
   Cast: Sandblast         |    18 |    38 |       |       ||    56
         Stone Arrow       |       |    23 |    88 |     4 ||   115
         Petrify           |       |       |    16 |     3 ||    19
 Invoke: Curse Item        |       |       |     1 |       ||     1
    Use: Scroll            |     5 |     2 |     3 |     1 ||    11
         Potion            |       |       |    10 |     3 ||    13
   Stab: Sleeping          |       |     1 |       |       ||     1
         Petrified         |       |       |    27 |       ||    27
         Petrifying        |       |       |     1 |       ||     1
 Armour: Skin              |       |    41 |   111 |    13 ||   165
  Dodge: Dodged            |       |    34 |    39 |    11 ||    84

Levels and vault maps discovered:
D:1:      dpeg_arrival_shrine, layout_loops_ring, serial_shops,
          nicolae_shop_industrial_runoff, nicolae_figureground_sparkle
D:2:      layout_loops_ring, nicolae_ecumenical_snake_handling, uniq_jessica,
          uniq_terence
D:3:      layout_loops_ring, okawaru_metal_pillars_1_2
D:4:      layout_rooms, temple_green, nicolae_stop_n_shop_2
D:5:      layout_cave_pods, mainiacjoe_overflow_catwalk,
          minmay_misc_feat_more_columns, uniq_crazy_yiuf_cottage, uniq_sigmund,
          uniq_prince_ribbit1, uniq_ijyb
D:6:      layout_basic, nicolae_letterblocks [nicolae_letter_subblock,
          nicolae_letter_subblock, nicolae_letter_subblock,
          nicolae_letter_subblock, nicolae_letter_subblock,
          nicolae_letter_subblock, nicolae_letter_subblock,
          nicolae_letter_subblock, nicolae_letter_subblock,
          nicolae_letter_subblock, nicolae_letter_subblock,
          nicolae_letter_subblock, nicolae_letter_subblock,
          nicolae_letter_subblock, nicolae_letter_subblock,
          nicolae_letter_subblock, nicolae_letter_subblock,
          nicolae_letter_subblock, nicolae_letter_subblock,
          nicolae_letter_subblock, nicolae_letter_subblock,
          nicolae_letter_subblock, nicolae_letter_subblock,
          nicolae_letter_subblock, nicolae_letter_subblock]
D:7:      layout_rooms, chequers_temple_overflow_statue_of_worship,
          kb_lookout_dungeons_type, uniq_jeremiah
D:8:      layout_loops_ring, special_room [special_room_orc], uniq_pikel,
          uniq_amaemon, uniq_erica
Temple:   oiseaux_autumnal_temple

Notes
Turn   | Place    | Note
-------+----------+-------------------------------------------
     0 | D:1      | ytrimaz the Octopode Earth Elementalist began the quest for
                  | the Orb.
     0 | D:1      | Reached XP level 1. HP: 11/11 MP: 3/3
     0 | D:1      | magus.rc [v1.9.6]
   267 | D:1      | Reached XP level 2. HP: 17/17 MP: 3/5
   401 | D:1      | Found Zesohit's Distillery.
   408 | D:1      | Bought a potion of degeneration for 13 gold pieces
   833 | D:2      | Found a faded altar of an unknown god.
   834 | D:2      | Noticed Jessica
   836 | D:2      | Reached XP level 3. HP: 21/21 MP: 4/6
   839 | D:2      | Killed Jessica
   840 | D:2      | Reached skill level 2 in Conjurations
   842 | D:2      | Reached XP level 4. HP: 27/27 MP: 0/8
  1142 | D:2      | You pick up a book of Minor Magic and begin reading...
  1142 | D:2      | You add the spells Magic Dart, Blink and Call Imp to your
                  | library.
  1613 | D:2      | Noticed Terence
  1619 | D:2      | Learned a level 3 spell: Stone Arrow
  1627 | D:2      | Killed Terence
  1628 | D:2      | Reached skill level 3 in Spellcasting
  1722 | D:3      | Reached skill level 4 in Earth Magic
  1722 | D:3      | Reached XP level 5. HP: 31/31 MP: 3/9
  1847 | D:3      | Reached skill level 3 in Conjurations
  1976 | D:3      | Found an iron altar of Okawaru.
  1994 | D:3      | Learned a level 4 spell: Petrify
  2100 | D:3      | Reached XP level 6. HP: 32/36 MP: 1/11
  2636 | D:4      | Found Vomyjole's Antique Weapon Boutique.
  2882 | D:4      | Reached skill level 4 in Spellcasting
  3094 | D:4      | Found a staircase to the Ecumenical Temple.
  3100 | Temple   | Entered the Ecumenical Temple
  3123 | Temple   | Became a worshipper of Ashenzari the Shackled
  3441 | D:5      | Entered Level 5 of the Dungeon
  3448 | D:5      | You pick up a book of Burglary and begin reading...
  3448 | D:5      | You add the spells Ensorcelled Hibernation and Swiftness to
                  | your library.
  3475 | D:5      | Noticed Sigmund
  3481 | D:5      | Killed Sigmund
  3482 | D:5      | Reached skill level 4 in Conjurations
  3482 | D:5      | Reached skill level 5 in Earth Magic
  3482 | D:5      | Reached XP level 7. HP: 32/41 MP: 6/13
  3662 | D:5      | Reached skill level 1 in Alchemy
  3867 | D:5      | Found a basalt altar of Yredelemnul.
  3967 | D:5      | You pick up a book of Dreams and begin reading...
  3967 | D:5      | You add the spells Fugue of the Fallen and Anguish to your
                  | library.
  4141 | D:5      | Found a runed translucent door.
  4142 | D:5      | Noticed Crazy Yiuf
  4261 | D:5      | Noticed Prince Ribbit
  4266 | D:5      | Killed Prince Ribbit
  4267 | D:5      | Reached skill level 5 in Spellcasting
  4267 | D:5      | Reached skill level 5 in Conjurations
  4267 | D:5      | Reached skill level 2 in Alchemy
  4267 | D:5      | Reached XP level 8. HP: 46/46 MP: 8/15
  4404 | D:5      | Noticed Ijyb
  4417 | D:5      | Killed Ijyb
  5215 | D:6      | You pick up a book of Frost and begin reading...
  5215 | D:6      | You add the spells Freeze, Frozen Ramparts and Hailstorm to
                  | your library.
  5289 | D:6      | Reached skill level 6 in Earth Magic
  5289 | D:6      | Reached skill level 3 in Alchemy
  5292 | D:6      | HP: 11/46 [wight/+5 great sword (19)]
  5715 | D:6      | Reached skill level 4 in Alchemy
  5784 | D:6      | Reached skill level 6 in Spellcasting
  6165 | D:6      | Reached XP level 9. HP: 50/51 MP: 4/18
  6719 | D:7      | Reached skill level 7 in Earth Magic
  6861 | D:7      | Reached skill level 5 in Alchemy
  6983 | D:7      | Reached skill level 3 in Dodging
  7421 | D:7      | Noticed Jeremiah
  7422 | D:7      | Found a blossoming altar of Fedhas.
  7422 | D:7      | Found a white marble altar of Elyvilon.
  7448 | D:7      | Killed Jeremiah
  7449 | D:7      | Reached skill level 4 in Dodging
  7449 | D:7      | Reached skill level 7 in Spellcasting
  7674 | D:8      | Noticed Erica
  7692 | D:8      | HP: 11/51 [something (5)]
  7879 | D:8      | HP: 10/51 [poisoned by Erica (bolt of poison)]
  7885 | D:8      | Killed Erica
  7886 | D:8      | Reached skill level 8 in Earth Magic
  7886 | D:8      | Reached XP level 10. HP: 25/56 MP: 3/21
  7994 | D:8      | Noticed an orange demon
  8003 | D:8      | Noticed Amaemon
  8004 | D:8      | Killed an orange demon
  8005 | D:8      | Reached skill level 5 in Dodging
  8005 | D:8      | Reached skill level 8 in Spellcasting
  8082 | D:8      | Identified a scroll of acquirement
  8093 | D:8      | HP: 10/56 [centaur/arrow (12)]
  8094 | D:8      | HP: 3/56 [centaur/arrow (8)]
  8095 | D:8      | Slain by a scorpion

Vanquished Creatures
  Erica (D:8)
  An orange demon (D:8)
  Jeremiah (D:7)
  Prince Ribbit (D:5)
  Sigmund (D:5)
  An acid dragon (D:7)
  An ice beast (D:6)
  An orc warrior (D:7)
  2 sky beasts (D:7)
  A centaur (D:7)
  An ogre (D:7)
  2 bullfrogs
  5 scorpions
  5 wights (D:6)
  A bombardier beetle (D:3)
  A howler monkey (D:8)
  5 hounds
  An orc priest (D:3)
  2 jellies
  Ijyb (D:5)
  Jessica (D:2)
  2 iguanas
  5 orc wizards
  Terence (D:2)
  11 adders
  A shadow imp (D:5)
  A white imp (D:6)
  2 ufetubi (D:6)
  3 ribbon worms
  3 dart slugs
  32 orcs
  A ball python (D:4)
  6 endoplasms
  2 giant cockroaches
  5 goblins
  4 hobgoblins
  5 jackals
  7 kobolds
  4 quokkas
  4 bats
  3 frilled lizards
138 creatures vanquished.

Table legend:
 A = Non-vault XP
 B = Vault XP
 C = Vault XP percentage of total XP
 D = Non-vault monster count
 E = Vault monster count
 F = Vault count percentage of total count
                 A         B        C        D         E       F
            +---------+---------+-------+---------+---------+-------
      Total |    2783 |    2396 |  46.3 |     126 |      12 |   8.7
            +---------+---------+-------+---------+---------+-------
        D:1 |      21 |       0 |   0.0 |      11 |       0 |   0.0
        D:2 |      26 |     108 |  80.6 |      13 |       5 |  27.8
        D:3 |     209 |       0 |   0.0 |      25 |       0 |   0.0
        D:4 |     202 |       0 |   0.0 |      21 |       0 |   0.0
        D:5 |     310 |     538 |  63.4 |      12 |       3 |  20.0
        D:6 |    1031 |       0 |   0.0 |      27 |       0 |   0.0
        D:7 |     885 |     477 |  35.0 |      12 |       2 |  14.3
        D:8 |      99 |    1273 |  92.8 |       5 |       2 |  28.6
            +---------+---------+-------+---------+---------+-------

Skill      XL: |  1  2  3  4  5  6  7  8  9 10 |
---------------+-------------------------------+-----
Conjurations   | 2 3 4 5 |  5.0
Spellcasting   | 3 4 5 6 7 8 |  8.0
Earth Magic    | 4 5 6 8 |  8.3
Alchemy        | 2 4 5 |  5.0
Dodging        | 4 5 |  5.1
Stealth        | |  2.6

Action                     |  1- 3 |  4- 6 |  7- 9 | 10-12 || total
---------------------------+-------+-------+-------+-------++-------
  Melee: Unarmed           |       |    60 |   117 |       ||   177
         Tentacles         |       |    19 |    29 |       ||    48
         Constrict         |       |    17 |    15 |       ||    32
         Punch             |       |     1 |     1 |       ||     2
   Cast: Sandblast         |    18 |    38 |       |       ||    56
         Stone Arrow       |       |    23 |    88 |     4 ||   115
         Petrify           |       |       |    16 |     3 ||    19
 Invoke: Curse Item        |       |       |     1 |       ||     1
    Use: Scroll            |     5 |     2 |     3 |     1 ||    11
         Potion            |       |       |    10 |     3 ||    13
   Stab: Sleeping          |       |     1 |       |       ||     1
         Petrified         |       |       |    27 |       ||    27
         Petrifying        |       |       |     1 |       ||     1
 Armour: Skin              |       |    41 |   111 |    13 ||   165
  Dodge: Dodged            |       |    34 |    39 |    11 ||    84

Illustrated notes

Table legend:
 A = Kills in this place as a percentage of kills in the entire game.
 B = Kills by you in this place as a percentage of kills by you in the entire game.
 C = Kills by friends in this place as a percentage of kills by friends in the entire game.
 D = Other kills in this place as a percentage of other kills in the entire game.
 E = Experience gained in this place as a percentage of experience gained in the entire game.
 F = Experience gained in this place divided by the number of levels of this place that you have seen.
                   A       B       C       D       E      F
               +-------+-------+-------+-------+-------+----------------------
         Total | 100.0 | 100.0 |   N/A |   N/A | 100.0 | 575.4
       Dungeon | 100.0 | 100.0 |   N/A |   N/A | 100.0 | 647.4
               +-------+-------+-------+-------+-------+----------------------

Table legend: (Time is in decaauts)
 A = Elapsed time spent in this place.
 B = Non-inter-level travel time spent in this place.
 C = Inter-level travel time spent in this place.
 D = Time resting spent in this place.
 E = Time spent auto-exploring this place.
 F = Levels seen in this place.
 G = Mean time per level.
                   A        B        C        D        E       F      G
               +--------+--------+--------+--------+--------+-----+--------+
         Total |   8122 |   7836 |    286 |    471 |   6372 |   9 |  902.4 |
       Dungeon |   8075 |   7833 |    242 |    471 |   6372 |   8 | 1009.4 |
        Temple |     46 |      2 |     44 |      0 |      0 |   1 |   46.0 |
               +--------+--------+--------+--------+--------+-----+--------+

Top non-repeatable levels by time:
     D:6: 1537 daAuts
     D:5: 1528 daAuts
     D:7: 1319 daAuts
     D:3: 963 daAuts
     D:2: 891 daAuts
     D:1: 805 daAuts
     D:4: 759 daAuts
     D:8: 269 daAuts
  Temple: 46 daAuts
